 Dungeon Crawl Stone Soup version 0.18.1-50-g88ac8fd (webtiles) character file.

257 Iflex the Poker (level 6, -1/47 HPs)
             Began as a Merfolk Gladiator on Oct 2, 2016.
             Slain by an ogre
             ... wielding a +0 giant spiked club
              (16 damage)
             ... on level 3 of the Dungeon.
             The game lasted 00:07:44 (2746 turns).

Iflex the Poker (Merfolk Gladiator)                 Turns: 2746, Time: 00:07:45

Health: -1/47      AC:  4    Str: 16    XL:     6   Next: 16%
Magic:  6/6        EV: 14    Int: 13    God:
Gold:   271        SH:  0    Dex: 15    Spells: 0 memorised, 5 levels left

rFire  . . .     SeeInvis .     a - +0 trident
rCold  . . .     Gourm    .     b - +0 leather armour
rNeg   . . .     Faith    .     (no shield)
rPois  .         Spirit   .     c - +0 helmet
rElec  .         Dismiss  .     (no cloak)
rCorr  .         Reflect  .     (no gloves)
SustAt .         Harm     .     (no boots)
MR     .....                    (no amulet)
Stlth  ++........               (no ring)
                                (no ring)

@: brilliant, not resistant to hostile enchantments, unstealthy
A: change form in water, swift swim
a: no special abilities


You were on level 3 of the Dungeon.
You were full.

You visited 1 branch of the dungeon, and saw 4 of its levels.

You collected 271 gold pieces.

Inventory:

Hand Weapons
 a - a +0 trident (weapon)
Armour
 b - a +0 leather armour (worn)
 c - a +0 helmet (worn)
Scrolls
 h - a scroll of fog {unknown}
 j - 2 scrolls of identify {unknown}
 k - 3 scrolls of remove curse {unknown}
 l - a scroll of recharging {unknown}
 m - a scroll of blinking {unknown}
 o - 3 scrolls of enchant weapon {unknown}
 r - 4 scrolls of teleportation {unknown}
 w - a scroll of enchant armour {unknown}
Potions
 e - a potion of mutation {unknown}
 f - a potion of curing {unknown}
 i - a potion of resistance {unknown}
 n - a potion of berserk rage {unknown}
 s - a potion of ambrosia {unknown}
 t - a potion of brilliance
 x - a potion of haste {unknown}
 z - a potion of might {unknown}
Comestibles
 g - a meat ration
 p - a royal jelly
 q - 2 bread rations
 u - a fruit


   Skills:
 + Level 3.6 Fighting
 + Level 6.2 Polearms
 + Level 2.2 Throwing
 + Level 1.5 Armour
 + Level 5.4 Dodging
 + Level 2.1 Stealth


You had 5 spell levels left.
You didn't know any spells.

Dungeon Overview and Level Annotations

Branches:
Dungeon (4/15)
 Temple: D:4-7

Altars:


Message History

Unknown command.
Unknown command.
Number of times to repeat, then command key: You must enter the number of times for the command to repeat.
The ogre struggles against the net.
The ogre struggles against the net.
The ogre struggles against the net.
The net rips apart, and the ogre comes free!
You see here a ring mail.
You are too injured to fight recklessly!
You are too injured to fight recklessly!
You are too injured to fight recklessly!
You are too injured to fight recklessly!
You are too injured to fight recklessly!
You are too injured to fight recklessly!
You are too injured to fight recklessly!
You puncture the ogre!
The ogre is moderately wounded.
The ogre hits you with a giant spiked club!
You die...

#≈≈.≈≈##.#..#.#.#.....#####...#
≈≈≈≈≈≈≈.###.......###.##..)...#
≈≈≈≈≈≈≈≈≈##.......###.######..#
≈≈.8.≈##≈≈#...................#
≈.≈..≈≈≈≈≈.##..........<......#
≈≈≈.≈≈#≈≈####.##..#.#.#########
≈≈≈.≈≈≈≈#≈≈≈..........#
≈≈..<≈≈≈≈#≈≈#.##..###.#
#≈.<.≈≈≈≈≈≈.....@O....#
≈≈...≈≈≈≈≈≈≈..##..##..#
≈≈≈.#≈≈≈≈≈≈≈.###......#
≈≈..≈≈≈≈≈≈≈#.# #..##.##
≈≈...≈≈≈≈≈.#.# ##.##.#
≈≈..≈≈≈≈≈≈#..# #....#
≈#≈≈≈≈≈≈≈##..# #.##.#
≈≈≈≈≈≈#.####.# #.##.#####
#≈≈.≈≈...###'####.#......#


You could see an ogre.

Vanquished Creatures
  An ogre (D:3)
  A hound zombie (D:3)
  4 adders
  A howler monkey skeleton (D:4)
  An ooze (D:2)
  A worm (D:3)
  10 dart slugs
  5 giant geckos
  An orc (D:3)
  2 ball pythons
  5 bats
  2 giant cockroaches (D:1)
  5 goblins
  6 hobgoblins
  11 jackals
  9 kobolds
  5 giant newts
  7 rats
77 creatures vanquished.

Notes
Turn   | Place    | Note
--------------------------------------------------------------
     0 | D:1      | Iflex the Merfolk Gladiator began the quest for the Orb.
     0 | D:1      | Reached XP level 1. HP: 16/16 MP: 1/1
     6 | D:1      | Noticed a wyvern
     6 | D:1      | Noticed a hound
     7 | D:1      | Noticed a crocodile
     7 | D:1      | Noticed a black mamba
    71 | D:1      | Reached XP level 2. HP: 6/23 MP: 2/2
   527 | D:1      | Reached XP level 3. HP: 28/28 MP: 3/3
   749 | D:1      | Reached skill level 5 in Polearms
  1209 | D:2      | Reached XP level 4. HP: 29/34 MP: 4/4
  1671 | D:3      | Reached skill level 1 in Stealth
  1874 | D:3      | Reached skill level 1 in Armour
  1874 | D:3      | Reached XP level 5. HP: 37/41 MP: 5/5
  2334 | D:4      | Noticed an ogre
  2495 | D:3      | Killed an ogre
  2495 | D:3      | Reached skill level 6 in Polearms
  2495 | D:3      | Reached skill level 5 in Dodging
  2495 | D:3      | Reached XP level 6. HP: 28/47 MP: 6/6
  2746 | D:3      | Slain by an ogre

Skill      XL: |  1  2  3  4  5 |
---------------+----------------+-----
Polearms       | 5 6 |  6.2
Fighting       | 3 |  3.6
Stealth        | 1 2 |  2.1
Armour         | 1 |  1.5
Dodging        | 5 |  5.4
Throwing       | |  2.2

Action                   |  1- 3 |  4- 6 || total
-------------------------+-------+-------++-------
Melee: Trident           |   135 |   137 ||   272
       Tailslap          |       |     1 ||     1
Throw: Throwing net      |     1 |     5 ||     6
  Use: Potion            |       |     1 ||     1
 Stab: Sleeping          |     1 |     4 ||     5
       Held in net/web   |       |     1 ||     1
  Eat: Bread ration      |     1 |       ||     1
       Meat ration       |       |     1 ||     1
       Fruit             |       |     1 ||     1
Armor: Leather armour    |    29 |    36 ||    65
Dodge: Dodged            |    83 |    93 ||   176
